 Dungeon Crawl Stone Soup version 0.22-a0-553-g9358b0b (webtiles) character file.

176054 galech the Bludgeoner (level 18, 0/208 HPs)
             Began as an Ogre Berserker on June 25, 2018.
             Was the Champion of Trog.
             Slain by a saltling (18 damage)
             ... in the Desolation of Salt.
             The game lasted 01:10:55 (38185 turns).

galech the Bludgeoner (Ogre Berserker)             Turns: 38185, Time: 01:10:56

Health: 0/208      AC: 21    Str: 32    XL:     18   Next: 12%
Magic:  18/18      EV: 12    Int:  8    God:    Trog [******]
Gold:   1545       SH:  0    Dex:  8    Spells: 17/17 levels left

rFire    + + .     SeeInvis .   j - +7 great mace "Undeadhunter" {disrupt, rN+}
rCold    . . .     Gourm    .   (shield currently unavailable)
rNeg     + + .     Faith    .   x - +2 fire dragon scales
rPois    .         Spirit   .   M - +1 hat
rElec    .         Reflect  .   u - +0 cloak
rCorr    .         Harm     .   (gloves unavailable)
MR       +++..     Clarity  +   (boots unavailable)
Stlth    +.........             l - amulet of the Four Winds {rN+ MR+++ Clar}
HPRegen  1.44/turn              w - ring of protection from cold
MPRegen  0.16/turn              C - +4 ring of protection

@: about to teleport, vulnerable, berserk cooldown, regenerating, slowed, very
slow
A: large, unfitting armour, tough skin 1
a: Berserk, Trog's Hand, Brothers in Arms, Renounce Religion


You were in the Desolation of Salt.
You worshipped Trog.
Trog was exalted by your worship.
You were not hungry.

You visited 4 branches of the dungeon, and saw 25 of its levels.
You also visited: Desolation.

You collected 3170 gold pieces.
You spent 1625 gold pieces at shops.

Inventory:

Hand Weapons
 a - the +8 great mace "Zocemoox" {flame, rN+}
   (You found it on level 6 of the Lair of Beasts)

   It has been specially enchanted to burn those struck by it, causing extra
   injury to most foes and up to half again as much damage against particularly
   susceptible opponents.
   It protects you from negative energy.
 j - the +7 great mace "Undeadhunter" (weapon) {disrupt, rN+}
   (You bought it in a shop on level 2 of the Orcish Mines)

   It protects you from negative energy.
 m - the +9 great mace "Bikuel" {vamp, Int+4 Dex+4, unknown}
   (Trog gifted it to you in the Desolation of Salt)

   It inflicts no extra harm, but heals its wielder when it wounds a living foe.
   It affects your intelligence (+4).
   It affects your dexterity (+4).
 V - a +8 antimagic giant spiked club
 X - the +14 mace of Variability {chaos}
   (Trog gifted it to you on level 6 of the Lair of Beasts)

   Each time it hits an enemy it has a different, random effect.
Armour
 u - a +0 cloak (worn)
 x - +2 fire dragon scales (worn)
 y - a +2 robe of magic resistance
 M - a +1 hat (worn)
 O - a +1 robe of cold resistance
 Q - a +0 troll leather armour
Jewellery
 b - the amulet of Ecleawas {Spirit +Fly Dex+4 Stlth-}
   (You found it on level 7 of the Dungeon)

   [amulet of guardian spirit]

   It causes incoming damage to be split between your health and magic.
   It affects your dexterity (+4).
   It lets you fly.
   It makes you less stealthy.
 l - the amulet of the Four Winds (around neck) {rN+ MR+++ Clar}
   (You found it in the Desolation of Salt)

   [amulet of nothing]

   It protects you from negative energy.
   It affects your resistance to hostile enchantments.
   It protects you against confusion.
 o - an uncursed amulet of regeneration
 w - a ring of protection from cold (left hand)
 C - a +4 ring of protection (right hand)
 H - a +3 amulet of reflection
 P - a +4 ring of dexterity
 R - an uncursed ring of ice
 T - an uncursed ring of magical power {unknown}
 U - a cursed ring of teleportation {unknown}
 W - the amulet of Pisuoqei {RegenMP rElec Str-5 Stlth+}
   (You found it in the Desolation of Salt)

   [amulet of magic regeneration]

   It increases your magic regeneration.
   It affects your strength (-5).
   It insulates you from electricity.
   It makes you more stealthy.
Wands
 S - a wand of flame (18)
Scrolls
 e - 10 scrolls of magic mapping
 g - 13 scrolls of remove curse
 h - 6 scrolls of enchant weapon
 i - 6 scrolls of random uselessness
 k - 3 scrolls of enchant armour
 n - a scroll of teleportation
 s - a scroll of acquirement
 G - a scroll of fog
 J - a scroll of summoning
 K - 2 scrolls of silence
 L - 2 scrolls of fear
 Y - 6 scrolls of amnesia
Potions
 d - 2 potions of magic
 f - a potion of curing
 p - 3 potions of degeneration
 q - 4 potions of might
 r - 6 potions of brilliance
 v - 3 potions of invisibility
 z - 4 potions of lignification
 A - a potion of flight
 B - a potion of berserk rage
 D - a potion of resistance
 F - 4 potions of mutation
 I - 2 potions of haste
 N - 2 potions of cancellation
 Z - a potion of agility
Comestibles
 c - 25 rations


   Skills:
 + Level 19.2 Fighting
 + Level 19.3 Maces & Flails
 + Level 10.2 Armour
 + Level 11.4 Dodging
 + Level 4.1 Stealth
 + Level 0.3 Evocations


You had 17 spell levels left.
You didn't know any spells.
Your spell library was empty.

Dungeon Overview and Level Annotations

Branches:
Dungeon (15/15)            Temple (0/1) D:7            Lair (6/6) D:8
  Swamp (0/4) Lair:4       Spider (0/4) Lair:4        Slime (0/5) Lair:6
    Orc (2/2) D:10            Elf (2/3) Orc:2        Vaults (0/5) D:14
 Depths (0/5) D:15

Altars:
Dithmenos
Xom
The Shining One
Beogh

Shops:
D:14 *?(%   D:15 *   Orc:1 }   Orc:2 *[%!   Elf:1 ([[}   Elf:2 =

Annotations:
Lair:2 exclusion: 2 oklob plants


Innate Abilities, Weirdness & Mutations

You are too large for most types of armour.
You have tough skin. (AC +1)


Message History

The peacekeeper bites you but does no damage.
The peacekeeper barely misses you.
The saltling hits you but does no damage. x2
The saltling hits you.
* * * LOW HITPOINT WARNING * * *
As you read the scroll of teleportation, it crumbles to dust.
You feel strangely unstable.
You feel the effects of Trog's Hand fading.
The peacekeeper barely misses you. The peacekeeper misses you.
The saltling hits you!
* * * LOW HITPOINT WARNING * * *
The saltling hits you but does no damage.
The peacekeeper roars a battlecry!
The saltlings go into a battle-frenzy!
The saltling hits you!
* * * LOW HITPOINT WARNING * * *
The saltling hits you.
* * * LOW HITPOINT WARNING * * *
The saltling hits you!!
You die...

..§...... ....
......... .....
........# .....
.........#.....
........#§.....
.......§.§.§...
.......§§§§§...
........8§§....
......8@8§..§§.
......§8§§§§§§.
......§§§§.§§..
........§.§§...
........§§§....
.........§.....
###############
#######


You could see a peacekeeper and 3 saltlings.

Vanquished Creatures
  A lich (D:13)
  Rupert (D:13)
  Kirke (Elf:1)
  Gastronok (D:10)
  A fire giant (D:12)
  A frost giant (D:13)
  A frost giant (shapeshifter) (D:13)
  3 imperial myrmidons (Desolation)
  An orc warlord (Orc:2)
  Aizul (Elf:1)
  The ghost of kae the Fencer, a journeyman MiFi of Makhleb (D:13)
  2 deep elf demonologists (Elf:1)
  A halazid warlock (Desolation)
  An ettin (Orc:2)
  The ghost of Hebeh the Cleaver, a journeyman MiFi of Trog (Orc:2)
  A deep elf annihilator (Elf:1)
  2 crystal guardians (Desolation)
  A yaktaur captain (D:12)
  The ghost of Ciumechu the Fighter, a journeyman DrTm of Makhleb (Lair:1)
  Fannar (Orc:1)
  The ghost of Zgarb the Thaumaturge, a journeyman HOSu of Sif Muna (D:12)
  A deep elf high priest (Elf:1)
  4 ragged hierophants (Desolation)
  Harold (Orc:2)
  A rakshasa (D:14)
  3 vault guards (D:14)
  4 hydras
  8 servants of whispers (Desolation)
  7 peacekeepers
  A catoblepas (Lair:6)
  A centaur warrior (D:14)
  3 ogre magi
  13 two-headed ogres
  4 death yaks (Lair:6)
  A deep troll shaman (Lair:6)
  10 dancing weapons
  2 slime creatures (D:13)
  An orc high priest (Orc:2)
  10 deep elf knights (Elf:1)
  2 skeletal warriors (D:13)
  2 unseen horrors
  2 lindwurms (Lair:6)
  2 necromancers
  6 deep elf archers (Elf:1)
  3 wizards
  4 orc knights (Orc:2)
  12 ugly things
  A cyclops (shapeshifter) (D:15)
  19 deep elf magi
  A wolf spider (Lair:4)
  4 cyclopes
  2 orc sorcerers
  A manticore (D:15)
  2 guardian serpents (Desolation)
  18 elephants
  3 naga magi (D:15)
  4 black mambas
  A gargoyle (D:10)
  8 centaur skeletons
  2 torpor snails
  2 kobold demonologists (D:13)
  13 rime drakes
  9 spiny frogs
  3 yaktaurs (D:15)
  4 komodo dragons
  3 meliai (D:14)
  A jumping spider (Lair:4)
  3 polar bears
  A queen bee (D:9)
  A tengu conjurer (D:14)
  8 trolls
  18 blink frogs
  43 saltlings (Desolation)
  4 dream sheep (Lair:6)
  9 hippogriffs
  An air elemental (Elf:1)
  3 vampires
  A centaur simulacrum (D:14)
  3 spriggans (Lair:1)
  4 wraiths
  52 yaks
  2 basilisks
  2 water elementals (Elf:1)
  A hog (Elf:1)
  19 humans (D:14)
  6 steam dragons (Lair:6)
  2 wyverns
  16 vampire mosquitoes
  A hungry ghost (D:8)
  Menkaure (D:5)
  13 porcupines
  17 water moccasins
  4 ice beasts
  47 orc warriors
  A hornet zombie (D:15)
  A necrophage (D:8)
  6 phantoms
  4 sky beasts
  3 black bears
  18 ogres
  4 boggarts (Lair:5)
  26 centaurs
  24 wolves
  22 crocodiles
  3 big kobolds
  Blork the orc (D:5)
  12 bullfrogs
  A gnoll sergeant (D:10)
  A wyvern zombie (D:13)
  A water moccasin zombie (D:5)
  2 earth elementals (Elf:1)
  6 scorpions
  3 wights (D:7)
  34 killer bees
  2 howler monkeys
  4 electric eels (D:10)
  6 crimson imps
  3 centaur zombies
  8 hounds
  20 orc priests
  6 jellies
  A quasit (D:8)
  Crazy Yiuf (D:4)
  13 orc wizards
  A bullfrog skeleton (D:11)
  Jessica (D:2)
  4 iguanas
  Terence (D:2)
  Natasha (thrice) (D:2 D:3)
  5 hell rats (Lair:4)
  9 worker ants
  A hound skeleton (D:5)
  7 gnolls
  2 worker ant zombies
  7 adders
  3 oozes
  2 worms (D:2)
  A dart slug (D:1)
  4 leopard geckos
  106 orcs
  4 giant cockroaches
  6 goblins
  4 hobgoblins
  19 jackals
  21 kobolds
  5 quokkas
  2 ball pythons
  3 bats
  6 frilled lizards
  A quokka zombie (D:5)
  8 rats
989 creatures vanquished.

Vanquished Creatures (others)
  A deep elf mage (Elf:1)
  A vampire (D:15)
  5 humans (Elf:1)
  5 orcs
  3 fungi
  8 plants
23 creatures vanquished.

Grand Total: 1012 creatures vanquished

Notes
Turn   | Place    | Note
-------+----------+-------------------------------------------
     0 | D:1      | galech the Ogre Berserker began the quest for the Orb.
     0 | D:1      | Reached XP level 1. HP: 24/24 MP: 1/1
   112 | D:1      | Reached XP level 2. HP: 29/32 MP: 2/2
   604 | D:1      | Reached XP level 3. HP: 27/40 MP: 3/3
   740 | D:2      | Reached ** piety under Trog
  1098 | D:2      | Reached XP level 4. HP: 49/49 MP: 4/4
  1227 | D:2      | Noticed Terence
  1247 | D:2      | Killed Terence
  1639 | D:2      | Noticed Natasha
  1652 | D:2      | Killed Natasha
  1652 | D:2      | Reached XP level 5. HP: 10/55 MP: 5/5
  1938 | D:2      | Noticed Jessica
  1946 | D:2      | Killed Jessica
  1999 | D:2      | Noticed Natasha
  2004 | D:2      | Killed Natasha
  2004 | D:2      | Reached skill level 5 in Fighting
  3164 | D:3      | Noticed Natasha
  3175 | D:3      | Killed Natasha
  3745 | D:4      | Noticed an ogre
  3750 | D:4      | Killed an ogre
  3750 | D:4      | Reached XP level 6. HP: 64/66 MP: 6/6
  3821 | D:4      | Found a runed door.
  3825 | D:4      | Noticed Crazy Yiuf
  3835 | D:4      | Killed Crazy Yiuf
  4107 | D:5      | Entered Level 5 of the Dungeon
  4139 | D:5      | Reached skill level 5 in Maces & Flails
  4139 | D:5      | Reached XP level 7. HP: 62/74 MP: 7/7
  4380 | D:5      | Reached skill level 1 in Stealth
  4783 | D:5      | Reached *** piety under Trog
  4831 | D:5      | Noticed Menkaure
  4839 | D:5      | Killed Menkaure
  5141 | D:5      | Reached XP level 8. HP: 52/84 MP: 8/8
  5225 | D:5      | Noticed Blork the orc
  5240 | D:5      | Killed Blork the orc
  5240 | D:5      | Reached skill level 5 in Dodging
  6253 | D:6      | Reached XP level 9. HP: 77/96 MP: 9/9
  7219 | D:7      | Found a shadowy altar of Dithmenos.
  7514 | D:7      | Got a warped ruby amulet
  7515 | D:7      | Identified the amulet of Ecleawas {Spirit +Fly Dex+4 Stlth-} (You found it on level 7 of the Dungeon)
  7526 | D:7      | Reached **** piety under Trog
  7996 | D:7      | Found a staircase to the Ecumenical Temple.
  8300 | D:8      | Reached XP level 10. HP: 101/106 MP: 10/10
  8531 | D:8      | Found a staircase to the Lair.
  8535 | D:8      | Noticed a two-headed ogre
  8541 | D:8      | Killed a two-headed ogre
  8541 | D:8      | Reached skill level 10 in Fighting
  9086 | D:8      | Reached skill level 10 in Maces & Flails
  9591 | D:9      | Noticed a deep elf mage
  9601 | D:9      | Killed a deep elf mage
 10074 | D:9      | Reached XP level 11. HP: 80/119 MP: 5/11
 11023 | D:10     | Entered Level 10 of the Dungeon
 12299 | D:10     | Noticed Gastronok
 12318 | D:10     | Killed Gastronok
 12941 | D:10     | Found a staircase to the Orcish Mines.
 14833 | Orc:1    | Entered Level 1 of the Orcish Mines
 14833 | Orc:1    | Found a shimmering altar of Xom.
 14833 | Orc:1    | Noticed Fannar
 14856 | Orc:1    | Killed Fannar
 15198 | Orc:1    | Found Nuargh's Gadget Boutique.
 15217 | Orc:1    | Reached ***** piety under Trog
 15461 | Orc:2    | Entered Level 2 of the Orcish Mines
 15463 | Orc:2    | Noticed an orc warlord
 15860 | Orc:2    | Killed an orc warlord
 15860 | Orc:2    | Reached XP level 12. HP: 133/133 MP: 8/12
 16282 | Orc:2    | Found a roughly hewn altar of Beogh.
 16414 | Orc:2    | Noticed an ettin
 16443 | Orc:2    | Killed an ettin
 16616 | Orc:2    | Reached skill level 1 in Armour
 16626 | Orc:2    | HP: 5/133 [orc warrior/dire flail (15)]
 17211 | Orc:2    | Found a staircase to the Elven Halls.
 17235 | Orc:2    | Found a runed gate.
 17236 | Orc:2    | Found a runed gate.
 17237 | Orc:2    | Found a runed gate.
 17251 | Orc:2    | Noticed Hebeh's ghost (journeyman MiFi)
 17266 | Orc:2    | Noticed an orc high priest
 17640 | Orc:2    | Found Dukeesy's Antique Armour Shoppe.
 17640 | Orc:2    | Found Zaxzicru's Food Boutique.
 17642 | Orc:2    | Found Dappalit's Distillery.
 17644 | Orc:2    | Found Collep's General Store.
 17651 | Orc:2    | Bought a potion of mutation for 112 gold pieces
 17651 | Orc:2    | Bought a potion of curing for 42 gold pieces
 17656 | Orc:2    | Bought the +7 great mace "Undeadhunter" {disrupt, rN+} for 737 gold pieces
 17656 | Orc:2    | Found the +7 great mace "Undeadhunter" {disrupt, rN+}
 17718 | Orc:2    | Found a roughly hewn altar of Beogh.
 17739 | Orc:2    | Noticed a sun demon
 17739 | Orc:2    | Killed an orc high priest
 17748 | Orc:2    | Killed Hebeh's ghost
 18274 | Orc:1    | Noticed a two-headed ogre
 18275 | Orc:1    | Noticed an ogre mage
 18308 | Orc:2    | Killed a two-headed ogre
 18511 | Orc:1    | Noticed Harold
 18515 | Orc:2    | Received a gift from Trog
 18897 | Orc:2    | Killed an ogre mage
 18897 | Orc:2    | Reached XP level 13. HP: 108/144 MP: 13/13
 18930 | Orc:2    | Killed Harold
 19163 | Lair:1   | Entered Level 1 of the Lair of Beasts
 19703 | Lair:1   | Found a runed door.
 19821 | Lair:1   | Noticed Ciumechu's ghost (journeyman DrTm)
 20597 | Lair:1   | Killed Ciumechu's ghost
 20602 | Lair:1   | Got a bloodstained spear {pain}
 20603 | Lair:1   | Identified the +6 spear of Disgust {pain, rF+ Dex+4} (You took it off a spriggan on level 1 of the Lair of Beasts)
 20797 | Lair:2   | Reached skill level 5 in Armour
 21698 | Lair:3   | Reached skill level 10 in Dodging
 22140 | Lair:3   | Received a gift from Trog
 22638 | Lair:4   | Found a staircase to the Swamp.
 22953 | Lair:4   | Reached XP level 14. HP: 123/157 MP: 11/14
 23528 | Lair:4   | Found a hole to the Spider Nest.
 24415 | Lair:5   | Received a gift from Trog
 24612 | Lair:5   | Reached skill level 15 in Maces & Flails
 25101 | Lair:5   | Reached skill level 15 in Fighting
 25335 | Lair:6   | Entered Level 6 of the Lair of Beasts
 26760 | Lair:6   | Received a gift from Trog
 26761 | Lair:6   | Found the +14 mace of Variability {chaos}
 26955 | Lair:6   | Found a staircase to the Slime Pits.
 27232 | Lair:6   | Reached XP level 15. HP: 169/169 MP: 15/15
 27651 | Lair:6   | Got an iridescent great mace
 27652 | Lair:6   | Identified the +8 great mace "Zocemoox" {flame, rN+} (You found it on level 6 of the Lair of Beasts)
 28366 | D:11     | Identified a scroll of acquirement
 28397 | D:11     | Reached ****** piety under Trog
 28437 | D:11     | Received a gift from Trog
 28759 | D:12     | Noticed a fire giant
 28953 | D:12     | Found a runed door.
 28954 | D:12     | Noticed Zgarb's ghost (journeyman HOSu)
 28976 | D:12     | Killed Zgarb's ghost
 28987 | D:12     | Got a shimmering robe
 28998 | D:12     | Identified the cursed +0 robe of Context {Dex+2} (You found it on level 12 of the Dungeon)
 29140 | D:12     | Killed a fire giant
 29705 | D:13     | Noticed a lich
 29705 | D:13     | Noticed kae's ghost (journeyman MiFi)
 29705 | D:13     | Noticed a frost giant
 29770 | D:13     | Noticed Rupert
 29786 | D:13     | Killed Rupert
 29799 | D:13     | You fall through a shaft!
 30116 | D:14     | Received a gift from Trog
 30134 | D:14     | Found Mepecatz's Food Shop.
 30209 | D:14     | Reached XP level 16. HP: 158/182 MP: 16/16
 30563 | D:13     | Found a runed door.
 30612 | D:13     | Found a runed door.
 30853 | D:13     | Noticed a quicksilver dragon
 30862 | D:13     | Noticed a quicksilver dragon
 30862 | D:13     | an iron troll changed into a quicksilver dragon
 30863 | D:13     | a quicksilver dragon changed into a frost giant
 30875 | D:13     | Killed a lich
 31117 | D:13     | Killed kae's ghost
 31700 | D:14     | Found Toraesm's Weapon Shop.
 31735 | D:14     | Found Qosoaraves's General Store.
 31754 | D:14     | Bought a scroll of identify for 30 gold pieces
 31754 | D:14     | Bought a scroll of enchant armour for 112 gold pieces
 31770 | D:14     | Found Dozukh's Magic Scroll Emporium.
 31778 | D:14     | Bought a scroll of identify for 26 gold pieces
 31778 | D:14     | Bought a scroll of enchant armour for 97 gold pieces
 31778 | D:14     | Bought a scroll of identify for 26 gold pieces
 31778 | D:14     | Bought a scroll of identify for 26 gold pieces
 31778 | D:14     | Bought a scroll of fog for 26 gold pieces
 31778 | D:14     | Bought a scroll of enchant weapon for 97 gold pieces
 31921 | D:14     | Found a gate to the Vaults.
 32193 | D:15     | Entered Level 15 of the Dungeon
 33128 | D:15     | Received a gift from Trog
 33146 | D:15     | Found a glowing golden altar of the Shining One.
 33151 | D:15     | Found Qodox's Hallowed Reliquary.
 33155 | D:15     | Bought a potion of heal wounds for 70 gold pieces
 33155 | D:15     | Bought a potion of heal wounds for 70 gold pieces
 33155 | D:15     | Bought a potion of heal wounds for 70 gold pieces
 33155 | D:15     | Bought a potion of curing for 42 gold pieces
 33155 | D:15     | Bought a potion of curing for 42 gold pieces
 33284 | D:15     | Found a staircase to the Depths.
 33618 | Elf:1    | Entered Level 1 of the Elven Halls
 33895 | Elf:1    | Found Osieze's Gadget Boutique.
 33981 | Elf:1    | Found Kuowats's Antique Armour Shoppe.
 34080 | Elf:1    | Reached XP level 17. HP: 70/193 MP: 8/17
 34417 | Elf:1    | Noticed Aizul
 34431 | Elf:1    | Killed Aizul
 34720 | Elf:1    | Found Zioteumm's Antique Weapon Boutique.
 34740 | Elf:1    | Found Feul's Antique Armour Shoppe.
 34788 | Elf:1    | Noticed Kirke
 34811 | Elf:1    | Killed Kirke
 34874 | Elf:1    | Received a gift from Trog
 35804 | Elf:1    | Noticed a Brimstone Fiend
 36565 | Elf:2    | Found Qialahok's Jewellery Shoppe.
 36755 | Elf:2    | Found a ruined gateway.
 36800 | Desolati | Entered the Desolation of Salt
 36913 | Desolati | Received a gift from Trog
 37089 | Desolati | HP: 3/196 [servant of whispers/bolt of lightning (16)]
 37417 | Desolati | Got a steaming brass amulet
 37766 | Desolati | Reached skill level 10 in Armour
 37773 | Desolati | Found the amulet of the Four Winds {rN+ MR+++ Clar}
 37818 | Desolati | Identified the amulet of Pisuoqei {RegenMP rElec Str-5 Stlth+} (You found it in the Desolation of Salt)
 38011 | Desolati | Reached XP level 18. HP: 179/208 MP: 18/18
 38124 | Desolati | Received a gift from Trog
 38127 | Desolati | Got a translucent great mace {god gift}
 38185 | Desolati | Slain by a saltling

Vault maps used:
D:1:      minmay_arrival_up_and_down, nrook_mini_vaults, minmay_domino_2
D:2:      minmay_crystal_water, uniq_natasha, uniq_jessica, uniq_terence
D:4:      first_ration, uniq_crazy_yiuf_cottage
D:5:      uniq_blork_the_orc, uniq_menkaure
D:7:      grunt_dithmenos_smoke, minmay_temple_entry_statues
D:8:      lair_entry_dummy, minmay_strange_pillars, grunt_pizzeria,
          hangedman_glass_teeth
D:10:     erik_orc_2, special_room, uniq_gastronok
D:12:     ebering_ghost_inner_flame, kennysheep_island_fort
D:13:     muffindrake_ghost_dual_entry, lightli_corner_chamber, uniq_rupert
D:14:     grunt_vaults_entry_tiered, serial_shops, shop, nicolae_shop_stone,
          shop, nicolae_shop_temple_entry_statues_fountains,
          minmay_stone_trees_small
D:15:     grunt_enter_depths_magical_seal, nicolae_good_shop
Lair:1:   ebering_ghost_funeral_grove, lemuel_fruit_tree
Lair:2:   cheibrodos_lair_reptile_den, minmay_lair_oklob_chamber
Lair:3:   grunt_megastairs_5
Lair:4:   swamp_mist_pool, spider_nest_entry_funnel_web, st_stairs_5,
          serial_bayou_shore_b
Lair:5:   kilobyte_rumbling_trees
Lair:6:   grunt_lair_end_beastmaster, dpeg_slime_entry_corner,
          bobbens_dragon_lair_wall
Orc:1:    basic_altar, serial_shops, nicolae_shop_trees, uniq_harold,
          uniq_fannar
Orc:2:    st_orc_rangers, biasface_ghost_orc_armoury, abandoned_shop,
          minmay_orc_temple_b
Elf:1:    serial_shops, nicolae_shop_behind_doors,
          nicolae_shop_temple_entry_statues_fountains, shop, nicolae_shop_stone,
          orc_legates, uniq_kirke, uniq_aizul
Elf:2:    serial_shops, shop, portal_desolation_entry_twin_temple,
          grunt_ministairs_6, nrook_mini_backslash, spider_trap, uniq_saint_roka

Skill      XL: |  1  2  3  4  5  6  7  8  9 10 11 12 13 14 15 16 17 |
---------------+----------------------------------------------------+-----
Maces & Flails | 3 4 5 6 7 9 10 12 13 14 15 17 18 19 | 19.3
Dodging        | 3 4 5 6 7 9 10 11 | 11.4
Fighting       | 5 6 7 9 11 12 13 14 15 16 17 19 | 19.2
Stealth        | 1 2 3 4 |  4.1
Armour         | 3 6 7 8 10 | 10.2
Evocations     | |  0.3

Action                   |  1- 3 |  4- 6 |  7- 9 | 10-12 | 13-15 | 16-18 || total
-------------------------+-------+-------+-------+-------+-------+-------++-------
Melee: Mace              |   115 |   127 |   351 |   300 |       |       ||   893
       Flail             |       |       |       |   198 |       |       ||   198
       Dire flail        |       |       |       |   229 |       |       ||   229
       Great mace        |       |       |       |    76 |  1158 |   851 ||  2085
Invok: Berserk           |     2 |     5 |     5 |    22 |     5 |    12 ||    51
       Trog's Hand       |     1 |       |     3 |    10 |     2 |    15 ||    31
 Abil: Evoke Flight      |       |       |       |       |     1 |       ||     1
  Use: Scroll            |       |       |       |    11 |     9 |    20 ||    40
       Potion            |       |       |       |     5 |       |    14 ||    19
 Stab: Sleeping          |       |     1 |     1 |       |       |       ||     2
  Eat: Chunk             |     2 |    12 |    12 |    40 |    31 |    27 ||   124
       Ration            |       |     1 |     2 |     8 |     3 |     5 ||    19
Armor: Animal skin       |    44 |    28 |    17 |       |       |       ||    89
       Robe              |       |       |    55 |   139 |       |       ||   194
       Troll leather arm |       |       |       |    56 |       |       ||    56
       Fire dragon scale |       |       |       |    25 |   726 |   356 ||  1107
Dodge: Dodged            |    89 |    80 |   173 |   680 |   879 |   439 ||  2340

Table legend:
 A = Spawn XP
 B = Non-spawn XP
 C = Spawn XP percentage of total XP
 D = Spawn monster count
 E = Non-spawn monster count
 F = Spawn count percentage of total count
 G = Total turns spent on level
                    A         B        C        D         E        F      G
               +---------+---------+-------+---------+---------+-------+---------
         Total |       0 |  252637 |   0.0 |       0 |     991 |   0.0 | 38185
               +---------+---------+-------+---------+---------+-------+---------
           D:1 |       0 |      37 |   0.0 |       0 |      19 |   0.0 |   924
           D:2 |       0 |     217 |   0.0 |       0 |      29 |   0.0 |  2176
           D:3 |       0 |      41 |   0.0 |       0 |       5 |   0.0 |   566
           D:4 |       0 |     285 |   0.0 |       0 |       9 |   0.0 |   441
           D:5 |       0 |    1137 |   0.0 |       0 |      33 |   0.0 |  1637
           D:6 |       0 |    1215 |   0.0 |       0 |      35 |   0.0 |  1477
           D:7 |       0 |    1006 |   0.0 |       0 |      19 |   0.0 |  1001
           D:8 |       0 |    4760 |   0.0 |       0 |      42 |   0.0 |  1816
           D:9 |       0 |    3450 |   0.0 |       0 |      32 |   0.0 |  3276
          D:10 |       0 |    4717 |   0.0 |       0 |      42 |   0.0 |  2154
          D:11 |       0 |    8746 |   0.0 |       0 |      57 |   0.0 |   680
          D:12 |       0 |    8036 |   0.0 |       0 |      21 |   0.0 |   863
          D:13 |       0 |   22639 |   0.0 |       0 |      46 |   0.0 |  1322
          D:14 |       0 |   21835 |   0.0 |       0 |      83 |   0.0 |  1426
          D:15 |       0 |   16215 |   0.0 |       0 |      35 |   0.0 |  1232
        Lair:1 |       0 |    6475 |   0.0 |       0 |      28 |   0.0 |  1062
        Lair:2 |       0 |    4895 |   0.0 |       0 |      33 |   0.0 |   999
        Lair:3 |       0 |    5529 |   0.0 |       0 |      29 |   0.0 |   988
        Lair:4 |       0 |    9389 |   0.0 |       0 |      38 |   0.0 |  1395
        Lair:5 |       0 |    6975 |   0.0 |       0 |      28 |   0.0 |  1325
        Lair:6 |       0 |   24836 |   0.0 |       0 |      71 |   0.0 |  2545
         Orc:1 |       0 |    2084 |   0.0 |       0 |      16 |   0.0 |  1327
         Orc:2 |       0 |   16202 |   0.0 |       0 |     104 |   0.0 |  2986
         Elf:1 |       0 |   37147 |   0.0 |       0 |      61 |   0.0 |  2908
         Elf:2 |       0 |    6625 |   0.0 |       0 |       8 |   0.0 |   274
    Desolation |       0 |   38144 |   0.0 |       0 |      68 |   0.0 |  1385
               +---------+---------+-------+---------+---------+-------+---------
